NCAA
SOUTH FLORIDA BULLS @ WAKE FOREST DEMON DEACONS
04/04/2030
 
TOP OF THE 1ST
South Florida Bulls batting - Pitching for Wake Forest Demon Deacons : RHP Ken Henry
Pitching: RHP Ken Henry
Batting: RHB Brian Jones 0-0: Ball
1-0: Foul Ball, location: 2F
1-1: DOUBLE (Line Drive, 78D)
Batting: RHB Jon Hinton 0-0: Ball
1-0: Called Strike
1-1: Foul Ball, location: 2F
1-2: SINGLE (Groundball, 34S) (infield hit)
Brian Jones to third
Batting: RHB Keith Olson 0-0: Swinging Strike
0-1: Swinging Strike
0-2: Strikes out swinging
Batting: RHB Javier Gómez 0-0: Called Strike
0-1: Ball
1-1: DOUBLE (Line Drive, 78D)
Brian Jones scores
Jon Hinton to third
Runner from 3rd tries for Home, SAFE, no throw
Pinch Runner at 2nd Dave Wilson:
Batting: RHB Brian Lovell 0-0: Foul Ball, location: 2F
0-1: Ball
1-1: Called Strike
1-2: Foul Ball, location: 2F
1-2: Ball
2-2: Ground out 6-3 (Groundball, 6M)
Dave Wilson to third
Batting: RHB José Ramírez 0-0: Ball
1-0: Ball
2-0: Foul Ball, location: 2F
2-1: SINGLE (Flyball, 34D)
Dave Wilson scores
Batting: RHB Coy Walsh 0-0: Ball
1-0: Ball
2-0: Called Strike
2-1: Foul Ball, location: 2F
2-2: Ball
3-2: Strikes out swinging
Top of the 1st over - 3 runs, 4 hits, 0 errors, 1 left on base; South Florida 3 - Wake Forest 0
BOTTOM OF THE 1ST
Wake Forest Demon Deacons batting - Pitching for South Florida Bulls : RHP Clifford Sullivan
Pitching: RHP Clifford Sullivan
Batting: RHB Tyler Robinson 0-0: Fly out, F8 (Flyball, 8LD)
Batting: RHB Mike Pope 0-0: Called Strike
0-1: Called Strike
0-2: Ball
1-2: Strikes out swinging
Batting: RHB William Allen 0-0: Called Strike
0-1: Foul Ball, location: 2F
0-2: Ball
1-2: Ball
2-2: Fly out, F9 (Line Drive, 9)
Bottom of the 1st over - 0 runs, 0 hits, 0 errors, 0 left on base; South Florida 3 - Wake Forest 0
TOP OF THE 2ND
South Florida Bulls batting - Pitching for Wake Forest Demon Deacons : RHP Ken Henry
Batting: LHB Ramiro Valdés 0-0: Bunt missed!
0-1: Ball
1-1: Ball
2-1: Swinging Strike
2-2: Ball
3-2: Base on Balls
Batting: RHB Walt Miller 0-0: Ball
1-0: Called Strike
1-1: Foul Ball, location: 2F
1-2: Foul Ball, location: 2F
1-2: SINGLE (Groundball, 6MD)
Ramiro Valdés to second
Runner from 2nd tries for 3rd, SAFE, no throw
Batting: RHB Brian Jones 0-0: Ball
1-0: Swinging Strike
1-1: Ball
2-1: Ball
3-1: Base on Balls
Walt Miller to second
Batting: RHB Jon Hinton 0-0: Ball
1-0: Called Strike
1-1: Ball
2-1: Fly out, F9 (Flyball, 9)
Batting: RHB Keith Olson 0-0: Ball
1-0: Called Strike
1-1: Called Strike
1-2: Ball
2-2: Strikes out looking
Batting: SHB Dave Wilson 0-0: Called Strike
0-1: Called Strike
0-2: Ball
1-2: Foul Ball, location: 2F
1-2: Strikes out swinging
Top of the 2nd over - 0 runs, 1 hit, 0 errors, 3 left on base; South Florida 3 - Wake Forest 0
BOTTOM OF THE 2ND
Wake Forest Demon Deacons batting - Pitching for South Florida Bulls : RHP Clifford Sullivan
Batting: LHB Don Harris 0-0: Fly out, F8 (Flyball, 8LXD)
Batting: RHB Jack Hogan 0-0: Foul Ball, location: 2F
0-1: Called Strike
0-2: Ball
1-2: Ground out 1-3 (Groundball, P)
Batting: RHB Rob Miller 0-0: Ball
1-0: Called Strike
1-1: Foul Ball, location: 2F
1-2: Foul Ball, location: 2F
1-2: Ground out U3 (Groundball, 3S)
Bottom of the 2nd over - 0 runs, 0 hits, 0 errors, 0 left on base; South Florida 3 - Wake Forest 0
TOP OF THE 3RD
South Florida Bulls batting - Pitching for Wake Forest Demon Deacons : RHP Ken Henry
Batting: RHB Brian Lovell 0-0: Called Strike
0-1: Ball
1-1: Foul Ball, location: 2F
1-2: SOLO HOME RUN (Flyball, 7LD), Distance : 324 ft
Batting: RHB José Ramírez 0-0: Called Strike
0-1: Ball
1-1: Ball
2-1: SINGLE (Groundball, 6MD)
Batting: RHB Coy Walsh 0-0: Fly out, F5 (Popup, 15S)
Batting: LHB Ramiro Valdés 0-0: Ball
1-0: Foul Ball, location: 2F
1-1: Called Strike
1-2: Foul Ball, location: 2F
1-2: Ball
2-2: Ball
3-2: Strikes out looking
Batting: RHB Walt Miller 0-0: Fielders Choice at 2nd, 6-4 (Groundball, 56)
Top of the 3rd over - 1 run, 2 hits, 0 errors, 1 left on base; South Florida 4 - Wake Forest 0
BOTTOM OF THE 3RD
Wake Forest Demon Deacons batting - Pitching for South Florida Bulls : RHP Clifford Sullivan
Batting: RHB Doug Dunlap 0-0: Called Strike
0-1: Ball
1-1: Ground out U3 (Groundball, 34)
Batting: RHB Tim Workman 0-0: Called Strike
0-1: Foul Ball, location: 2F
0-2: Strikes out swinging
Batting: RHB William Hudson 0-0: Ball
1-0: Foul Ball, location: 2F
1-1: SINGLE (Groundball, 6MD)
Batting: RHB Tyler Robinson 0-0: Called Strike
William Hudson steals 2nd base
0-1: Foul Ball, location: 2F
0-2: Foul Ball, location: 2F
0-2: Strikes out swinging
Bottom of the 3rd over - 0 runs, 1 hit, 0 errors, 1 left on base; South Florida 4 - Wake Forest 0
TOP OF THE 4TH
South Florida Bulls batting - Pitching for Wake Forest Demon Deacons : RHP Ken Henry
Batting: RHB Brian Jones 0-0: Foul Ball, location: 2F
0-1: Ball
1-1: Ball
2-1: Swinging Strike
2-2: Strikes out swinging
Pitching: RHP Eldon Kerr
Batting: RHB Jon Hinton 0-0: Foul Ball, location: 2F
0-1: Called Strike
0-2: Ball
1-2: Strikes out swinging
Batting: RHB Keith Olson 0-0: Ground out 6-3 (Groundball, 6S)
Top of the 4th over - 0 runs, 0 hits, 0 errors, 0 left on base; South Florida 4 - Wake Forest 0
BOTTOM OF THE 4TH
Wake Forest Demon Deacons batting - Pitching for South Florida Bulls : RHP Clifford Sullivan
Batting: RHB Mike Pope 0-0: Ball
1-0: Ball
2-0: Foul Ball, location: 2F
2-1: Fly out, F7 (Flyball, 7LDF)
Batting: RHB William Allen 0-0: Ball
1-0: Ball
2-0: Ball
3-0: Called Strike
3-1: Base on Balls
Batting: LHB Don Harris 0-0: Called Strike
0-1: Foul Ball, location: 2F
0-2: Ball
1-2: Ball
2-2: Strikes out looking
Batting: RHB Jack Hogan 0-0: SINGLE (Line Drive, 78M)
William Allen to second
Batting: RHB Rob Miller 0-0: Ball
1-0: Foul Ball, location: 2F
1-1: Ball
2-1: Ball
3-1: Ground out 4-3 (Groundball, 4)
Bottom of the 4th over - 0 runs, 1 hit, 0 errors, 2 left on base; South Florida 4 - Wake Forest 0
TOP OF THE 5TH
South Florida Bulls batting - Pitching for Wake Forest Demon Deacons : RHP Eldon Kerr
Batting: SHB Dave Wilson 0-0: Called Strike
0-1: Ball
1-1: Swinging Strike
1-2: Strikes out looking
Batting: RHB Brian Lovell 0-0: Ball
1-0: Fly out, F8 (Flyball, 8RS)
Batting: RHB José Ramírez 0-0: Foul Ball, location: 2F
0-1: Ball
1-1: Foul Ball, location: 2F
1-2: Ball
2-2: Foul Ball, location: 2F
2-2: SOLO HOME RUN (Flyball, 7D), Distance : 343 ft
Batting: RHB Coy Walsh 0-0: Called Strike
0-1: Foul Ball, location: 2F
0-2: SINGLE (Groundball, 56D)
Batting: LHB Ramiro Valdés 0-0: Ball
1-0: Ball
2-0: Ball
3-0: Base on Balls
Coy Walsh to second
Batting: RHB Walt Miller 0-0: Called Strike
0-1: Called Strike
0-2: Strikes out swinging
Top of the 5th over - 1 run, 2 hits, 0 errors, 2 left on base; South Florida 5 - Wake Forest 0
BOTTOM OF THE 5TH
Wake Forest Demon Deacons batting - Pitching for South Florida Bulls : RHP Clifford Sullivan
Batting: RHB Doug Dunlap 0-0: Called Strike
0-1: Fly out, F8 (Flyball, 8LD)
Batting: RHB Tim Workman 0-0: Ball
1-0: Ball
2-0: Called Strike
2-1: Foul Ball, location: 2F
2-2: SINGLE (Line Drive, 56D)
Batting: RHB William Hudson 0-0: Swinging Strike
0-1: Called Strike
0-2: Ball
1-2: SINGLE (Groundball, 4) (infield hit)
Tim Workman to second
Batting: RHB Tyler Robinson 0-0: Ground out 5-3 (Groundball, 56S)
Tim Workman to third
William Hudson to second
Batting: RHB Mike Pope 0-0: Called Strike
0-1: Swinging Strike
0-2: Fly out, F9 (Flyball, 9LD)
Bottom of the 5th over - 0 runs, 2 hits, 0 errors, 2 left on base; South Florida 5 - Wake Forest 0
TOP OF THE 6TH
South Florida Bulls batting - Pitching for Wake Forest Demon Deacons : RHP Eldon Kerr
Batting: RHB Brian Jones 0-0: Ball
1-0: Swinging Strike
1-1: Ball
2-1: Ball
3-1: Swinging Strike
3-2: Strikes out looking
Batting: RHB Jon Hinton 0-0: Ball
1-0: Called Strike
1-1: Ball
2-1: Ball
3-1: Foul Ball, location: 2F
3-2: Base on Balls
Batting: RHB Keith Olson 0-0: Called Strike
0-1: DOUBLE (Flyball, 89D)
Jon Hinton to third
Runner from 3rd tries for Home, SAFE, throw made at trailing runner, OUT at third!
Batting: SHB Dave Wilson 0-0: Ball
1-0: Ball
2-0: Foul Ball, location: 2F
2-1: Ball
3-1: Base on Balls
Batting: RHB Brian Lovell 0-0: Ball
1-0: Swinging Strike
1-1: Swinging Strike
1-2: Strikes out swinging, 2-3 out at first.
Top of the 6th over - 1 run, 1 hit, 0 errors, 1 left on base; South Florida 6 - Wake Forest 0
BOTTOM OF THE 6TH
Wake Forest Demon Deacons batting - Pitching for South Florida Bulls : RHP Clifford Sullivan
Batting: RHB William Allen 0-0: Called Strike
0-1: Called Strike
0-2: Strikes out swinging
Batting: LHB Don Harris 0-0: Ball
1-0: Swinging Strike
1-1: Ball
2-1: Ball
3-1: Base on Balls
Batting: RHB Jack Hogan 0-0: Ball
1-0: Fly out, F9 (Flyball, 9LS)
Batting: RHB Rob Miller 0-0: Ball
1-0: SINGLE (Groundball, 4D)
Don Harris to second
Runner from 2nd tries for 3rd, SAFE, no throw
Pitching: RHP William Jones
Batting: RHB Doug Dunlap 0-0: Foul Ball, location: 2F
0-1: Ball
1-1: Called Strike
1-2: Foul Ball, location: 2F
1-2: Ball
2-2: Ball
3-2: Base on Balls
Rob Miller to second
Batting: RHB Tim Workman 0-0: Ball
1-0: Ball
2-0: Ball
3-0: Base on Balls
Don Harris scores
Rob Miller to third
Doug Dunlap to second
Batting: RHB William Hudson 0-0: Ball
1-0: Swinging Strike
1-1: Ball
2-1: Swinging Strike
2-2: Fielders Choice at 2nd, 6-4 (Groundball, 6)
Bottom of the 6th over - 1 run, 1 hit, 0 errors, 3 left on base; South Florida 6 - Wake Forest 1
TOP OF THE 7TH
South Florida Bulls batting - Pitching for Wake Forest Demon Deacons : RHP Eldon Kerr
Batting: RHB José Ramírez 0-0: Ball
1-0: Foul Ball, location: 2F
1-1: Foul Ball, location: 2F
1-2: SINGLE (Groundball, 56D)
Batting: RHB Coy Walsh 0-0: Called Strike
0-1: Swinging Strike
0-2: Ball
1-2: Foul Ball, location: 2F
1-2: Ball
2-2: Strikes out swinging
Pitching: RHP Javier Bernard
Batting: LHB Ramiro Valdés 0-0: Foul Ball, location: 2F
0-1: Ball
1-1: Swinging Strike
1-2: Foul Ball, location: 2F
1-2: Strikes out swinging
Batting: RHB Walt Miller 0-0: Foul Ball, location: 2F
0-1: Ball
1-1: Swinging Strike
1-2: Strikes out swinging
Top of the 7th over - 0 runs, 1 hit, 0 errors, 1 left on base; South Florida 6 - Wake Forest 1
BOTTOM OF THE 7TH
Wake Forest Demon Deacons batting - Pitching for South Florida Bulls : RHP William Jones
Batting: RHB Tyler Robinson 0-0: Called Strike
0-1: Ball
1-1: Foul Ball, location: 2F
1-2: Foul Ball, location: 2F
1-2: SINGLE (Groundball, 56S) (infield hit)
Batting: RHB Mike Pope 0-0: Called Strike
0-1: Swinging Strike
0-2: Ball
1-2: Foul Ball, location: 2F
1-2: Ball
2-2: Ball
3-2: Fly out, F8 (Flyball, 8LXD)
Batting: RHB William Allen 0-0: Ball
1-0: SINGLE (Flyball, 78S)
Tyler Robinson to second
Batting: LHB Don Harris 0-0: Called Strike
0-1: Swinging Strike
0-2: Strikes out swinging
Batting: RHB Jack Hogan 0-0: Called Strike
0-1: Swinging Strike
0-2: Ball
1-2: Fly out, F7 (Flyball, 7S)
Bottom of the 7th over - 0 runs, 2 hits, 0 errors, 2 left on base; South Florida 6 - Wake Forest 1
TOP OF THE 8TH
South Florida Bulls batting - Pitching for Wake Forest Demon Deacons : RHP Javier Bernard
Batting: RHB Brian Jones 0-0: Called Strike
0-1: Ball
1-1: Called Strike
1-2: Strikes out swinging
Batting: RHB Jon Hinton 0-0: SINGLE (Line Drive, 8LS)
Batting: RHB Keith Olson 0-0: Ball
1-0: Ball
2-0: Called Strike
2-1: Called Strike
2-2: Strikes out looking
Batting: SHB Dave Wilson 0-0: Called Strike
0-1: Swinging Strike
0-2: Ball
1-2: Strikes out looking
Top of the 8th over - 0 runs, 1 hit, 0 errors, 1 left on base; South Florida 6 - Wake Forest 1
BOTTOM OF THE 8TH
Wake Forest Demon Deacons batting - Pitching for South Florida Bulls : RHP William Jones
Batting: RHB Rob Miller 0-0: Swinging Strike
0-1: Ball
1-1: Called Strike
1-2: Ball
2-2: Strikes out swinging
Batting: RHB Doug Dunlap 0-0: Hit by Pitch
Pinch Runner at 1st Leonard Brown:
Batting: RHB Tim Workman 0-0: Ball
1-0: Ball
2-0: SINGLE (Groundball, 6MD)
Leonard Brown to second
Batting: RHB William Hudson 0-0: Called Strike
0-1: Ball
1-1: SINGLE (Groundball, 56D)
Leonard Brown to third
Tim Workman to second
Runner from 3rd tries for Home, throw and OUT!
Batting: RHB Tyler Robinson 0-0: Ball
1-0: Ball
2-0: Foul Ball, location: 2F
2-1: Foul Ball, location: 2F
2-2: Ball
3-2: Strikes out swinging
Bottom of the 8th over - 0 runs, 2 hits, 0 errors, 2 left on base; South Florida 6 - Wake Forest 1
TOP OF THE 9TH
South Florida Bulls batting - Pitching for Wake Forest Demon Deacons : RHP Javier Bernard
Now in LF: Leonard Brown
Batting: RHB Brian Lovell 0-0: Swinging Strike
0-1: Called Strike
0-2: Ball
1-2: Fly out, F7 (Line Drive, 7D)
Batting: RHB José Ramírez 0-0: Called Strike
0-1: Swinging Strike
0-2: SINGLE (Line Drive, 56)
Batting: RHB Coy Walsh 0-0: Swinging Strike
0-1: Swinging Strike
0-2: Ball
1-2: Strikes out looking
Batting: LHB Ramiro Valdés 0-0: Ball
1-0: Ball
2-0: Ball
3-0: Base on Balls
José Ramírez to second
Batting: RHB Walt Miller 0-0: Called Strike
0-1: SINGLE (Flyball, 78S)
José Ramírez to third
Ramiro Valdés to second
Batting: RHB Brian Jones 0-0: Called Strike
0-1: Ball
1-1: Ball
2-1: Ball
3-1: Ground out 1-3 (Groundball, P)
Top of the 9th over - 0 runs, 2 hits, 0 errors, 3 left on base; South Florida 6 - Wake Forest 1
BOTTOM OF THE 9TH
Wake Forest Demon Deacons batting - Pitching for South Florida Bulls : RHP William Jones
Batting: RHB Mike Pope 0-0: Single, Error in OF, E7, batter to second base
Batting: RHB William Allen 0-0: Swinging Strike
0-1: Ball
1-1: Foul Ball, location: 2F
1-2: Foul Ball, location: 2F
1-2: Fly out, F8 (Flyball, 78D)
Pitching: RHP Paul Sanders
Batting: LHB Don Harris 0-0: Called Strike
0-1: Ball
1-1: Ball
2-1: Fly out, F9 (Flyball, 9S)
Batting: RHB Jack Hogan 0-0: Called Strike
0-1: Ball
1-1: Ball
2-1: Foul Ball, location: 2F
2-2: Ball
3-2: Strikes out looking
Bottom of the 9th over - 0 runs, 1 hit, 1 error, 1 left on base; South Florida 6 - Wake Forest 1
Saturday, April 7th, 2018 - OOTP Baseball 18.8 Build 76